 Dungeon Crawl Stone Soup version 0.30.1-11-g7821555f0a (webtiles) character file.

Game seed: 9962478757963237359

12789 monsoonserge the Thaumaturge (level 12, -3/84 HPs)
             Began as a Djinni Venom Mage on Nov 14, 2023.
             Was an Elder of Ashenzari.
             Killed from afar by a ynoxinul (32 damage)
             ... with an iron shot
             ... summoned by an orc high priest
             ... on level 1 of the Orcish Mines.
             The game lasted 00:50:36 (10022 turns).

monsoonserge the Thaumaturge (Djinni Venom Mage)   Turns: 10022, Time: 00:50:36

Health: -3/84      AC: 12    Str:  7    XL:     12   Next: 24%
Gold:   1381       EV: 12    Int: 28    God:    Ashenzari [****..] SH:  0 Dex: 14

rFire   + + .        Z - +3 dagger (distort)
rCold   x . .        (no shield)
rNeg    . . .        K - +0 swamp dragon scales "Gaze Upon Infinity" {rPois, Range, Melee} (curse)
rPois   ∞            o - +0 helmet of Ashenzari's Chagrin {Cun, Range} (curse)
rElec   .            (no cloak)
rCorr   +            n - +0 pair of gloves of Ashenzari's Pleiades {Evo, Melee} (curse)
SInv    +            (boots unavailable)
Will    +....        q - amulet of Panopticon {Regen+, Self, Evo} (curse)
Stlth   +++          y - ring of Ashenzari's the Ego {Int+6, Self, Cun} (curse)
HPRegen 1.14/turn    s - ring of the Circumscribed Sage {rCorr, Cun, Melee} (curse)
MPRegen 0.00/turn

%: clarity, infuse magic (-4 HP)
@: flying
A: sickness immunity, fire resistance 2, cold vulnerability 1, float, innate
caster, HP casting, extra vitality 1
a: Renounce Religion, Shatter the Chains


You were on level 1 of the Orcish Mines.
You worshipped Ashenzari.
Ashenzari was greatly pleased with you.
You visited 4 branches of the dungeon, and saw 14 of its levels.
You also visited: Sewer and Bailey.

You collected 1519 gold pieces.
You spent 138 gold pieces at shops.

Inventory:

Hand Weapons
 a - a +4 great sword
 v - a +2 dagger of electrocution
 x - a +2 scimitar
 B - a +2 sling of flaming
 Z - a +3 dagger of distortion (weapon)
Missiles
 e - 11 boomerangs (quivered)
 p - 70 poisoned darts
 H - 2 throwing nets
 P - 8 atropa-tipped darts
 S - 2 curare-tipped darts
Armour
 n - the cursed +0 pair of gloves of Ashenzari's Pleiades (worn) {Evo, Melee}
   (You found it on level 4 of the Dungeon)

   It has a curse which improves the following skills: Evocations: Evocations.
   Melee Combat: Short Blades, Long Blades, Axes, Maces & Flails, Polearms,
   Staves and Unarmed Combat.
 o - the cursed +0 helmet of Ashenzari's Chagrin (worn) {Cun, Range}
   (You took it off Robin on level 2 of the Dungeon)

   It has a curse which improves the following skills: Cunning: Dodging and
   Stealth.
   Ranged Combat: Ranged Weapons and Throwing.
 w - +0 steam dragon scales
 K - the cursed +0 swamp dragon scales "Gaze Upon Infinity" (worn) {rPois, Range, Melee}
   (You took it off Maggie on level 6 of the Dungeon)

   rPois:     It protects you from poison.
   It has a curse which improves the following skills: Ranged Combat: Ranged
   Weapons and Throwing.
   Melee Combat: Short Blades, Long Blades, Axes, Maces & Flails, Polearms,
   Staves and Unarmed Combat.
 V - an orb of wrath
 Y - a +1 helmet
Jewellery
 q - the cursed amulet of Panopticon (around neck) {Regen+, Self, Evo}
   (You found it on level 3 of the Dungeon)

   [amulet of regeneration]

   Regen:     It increases your rate of health regeneration.
   It has a curse which improves the following skills: Introspection: Fighting
   and Spellcasting.
   Evocations: Evocations.
 s - the cursed ring of the Circumscribed Sage (right hand) {rCorr, Cun, Melee}
   (You found it on level 6 of the Dungeon)

   [ring of resist corrosion]

   rCorr:     It protects you from acid and corrosion.
   It has a curse which improves the following skills: Cunning: Dodging and
   Stealth.
   Melee Combat: Short Blades, Long Blades, Axes, Maces & Flails, Polearms,
   Staves and Unarmed Combat.
 y - the cursed ring of Ashenzari's the Ego (left hand) {Int+6, Self, Cun}
   (You found it on level 5 of the Dungeon)

   [ring of intelligence]

   Int:       It affects your intelligence (+6).
   It has a curse which improves the following skills: Introspection: Fighting
   and Spellcasting.
   Cunning:   Dodging and Stealth.
 U - an amulet of regeneration
Wands
 h - a wand of light (16)
 A - a wand of flame (20)
 I - a wand of polymorph (24)
 W - a wand of charming (14)
 X - a wand of iceblast (4)
Scrolls
 d - 3 scrolls of teleportation
 j - 2 scrolls of poison
 t - 2 scrolls of enchant weapon
 u - 3 scrolls of vulnerability
 D - 4 scrolls of blinking
 F - a scroll of silence
 L - 2 scrolls of immolation
 N - 4 scrolls of fog
 O - 2 scrolls of fear
 Q - a scroll of brand weapon
 R - 2 scrolls of torment
Potions
 b - 5 potions of might
 c - 2 potions of lignification
 f - 2 potions of ambrosia
 g - 2 potions of flight
 i - a potion of berserk rage
 k - 2 potions of heal wounds
 l - 3 potions of mutation
 m - 2 potions of attraction
 r - 5 potions of curing
 z - a potion of haste
 C - 2 potions of magic
 G - 2 potions of resistance
 J - a potion of invisibility
 M - 4 potions of brilliance
 T - a potion of cancellation
Miscellaneous
 E - a phial of floods


   Skills:
 + Level 4.3(6.9) Fighting
 + Level 2.3(6.0) Short Blades
 - Level 4.8(8.4) Long Blades
 + Level 1.0(2.5) Ranged Weapons
 + Level 0.1(0.5) Throwing
 + Level 7.4 Armour
 + Level 4.6(8.0) Dodging
 - Level 4.0(7.2) Stealth
 * Level 11.3(14.0) Spellcasting
 + Level 1.4(3.2) Evocations


You knew the following spells:

 Your Spells              Type           Power      Damage    Failure   Level
a - Sting                 Tmut/Pois      100%       1d8       1%          1
b - Poisonous Vapours     Pois/Air       100%       N/A       1%          2
c - Mephitic Cloud        Conj/Pois/Air  78%        N/A       1%          3
d - Olgreb's Toxic Radia  Pois           78%        N/A       1%          4
e - Freeze                Ice            100%       1d10      1%          1
f - Ensorcelled Hibernat  Hex/Ice        100%       N/A       1%          2
g - Wereblood             Tmut           78%        N/A       1%          2
h - Tukima's Dance        Hex            78%        N/A       1%          3
i - Summon Mana Viper     Hex/Summ       78%        N/A       1%          5
Your spell library was empty.

Dungeon Overview and Level Annotations

Branches:
Dungeon (11/15)            Temple (1/1) D:6            Lair (1/5) D:9
    Orc (1/2) D:11          Sewer (visited)          Bailey (visited)

Altars:
Ashenzari
Cheibriados
Dithmenos
Elyvilon
Fedhas
Gozag
Hepliaklqana
Makhleb
Nemelex Xobeh
Okawaru
Qazlal
Ru
Trog
Uskayaw
Wu Jian
Xom
Yredelemnul
Zin
The Shining One

Shops:
D:4 !?**(   D:7 [   D:10 *

Annotations:
D:6 dig for gold


Innate Abilities, Weirdness & Mutations

You are immune to sickness and miasma.
You are immune to poison.
Your flesh is very heat resistant. (rF++)
You are vulnerable to cold. (rC-)
You float through the air rather than walking.
You learn spells naturally, not from books.
Your magical power is your life essence.
You have superior vitality. (+4 MHP)


Message History

Casting: Olgreb's Toxic Radiance (safe; 1% risk of failure)
Confirm with . or Enter, or press ? or * to list all spells.
A mana viper appears with a sibilant hiss.
The troll looks even sicker.
The orc high priest looks as sick as possible!
The orc warrior looks even sicker.
The ynoxinul closely misses you.
The orc high priest is engulfed in noxious fumes.
The orc high priest appears confused.
Casting: Summon Mana Viper (dangerous; 1% risk of failure)
Confirm with . or Enter, or press ? or * to list all spells.
Aiming: Tukima's Dance (safe; 1% risk of failure)
Press: ? - help, Shift-Dir - straight line The orc high priest resists with some effort.
The orc high priest looks as sick as possible!
Your toxic aura wanes.
The warg bites you but does no damage. The ynoxinul gestures at you.
The iron shot hits you!!
The orc high priest is engulfed in noxious fumes.
Your mana viper bites the troll!
The warg bites you!
Press: ? - help, v - describe, . - travel, g - get item
Here: an orc high priest, wielding a +0 battleaxe of venom and wearing a +0 leather armour (noxious fumes, moderately wounded, confused, extremely poisoned)
Items here: )) [[ †.
The floor.
Unknown command.
You closely miss the troll.
The troll is almost dead.
The troll misses you. The troll closely misses you. The troll claws you!
The ynoxinul gestures.
Your mana viper barely misses the troll.
The orc high priest is engulfed in noxious fumes.
The orc high priest completely misses the warg.
The orc high priest hits you with a +0 battleaxe of venom.
The orc high priest barely misses your mana viper.
The warg barely misses you.
You hit the troll but do no damage.
Space warps horribly around the troll!
You kill the troll!
The ynoxinul gestures at you. The iron shot hits you!!
You die...

* ,, ** **
,,..... * # ##
..., , *
**$##.....,** ,
,,, .......* ,
* * ##)☼#o## *
, *#..°○○.## ,
,, , ,
*#5.ho3.##
,,#..3@>..# ,,
,,*.......S...#
, , ,,
.......5...# ,
, ..........##
#.#......$# , *
,.#......... *
,,...........#
, ,
...........# *
* ^ *, *


You could see a soul eater (summoned), an orc high priest (confused, extremely
poisoned), a ynoxinul (summoned, ally target), a warg, an orc warrior (very
poisoned), 2 ufetubi and a friendly mana viper (summoned).

Vanquished Creatures
  An orc knight (Bailey)
  A black mamba (Lair:1)
  A cyclops (D:11)
  A cane toad (Lair:1)
  Psyche (D:11)
  2 trolls
  5 blink frogs (Lair:1)
  Prince Ribbit (D:6)
  2 hornets
  Sigmund (D:2)
  A yak (shapeshifter) (D:10)
  15 yaks
  Eustachio (D:5)
  3 steam dragons
  Duvessa (D:6)
  3 water moccasins
  3 orc warriors
  An ice beast (D:6)
  4 wolves (Lair:1)
  8 centaurs
  10 kobold brigands
  3 gnoll sergeants
  2 bullfrogs
  2 scorpions
  4 wights
  Dowan (D:6)
  6 killer bees (D:6)
  A howler monkey (D:10)
  2 jellies
  2 hounds
  8 orc priests
  Jessica (D:2)
  4 iguanas
  A sleepcap (D:5)
  Terence (D:2)
  A hell rat (Sewer)
  Natasha (thrice) (D:2)
  11 orc wizards
  Robin (D:2)
  12 gnolls
  5 river rats
  13 adders
  A shadow imp (D:7)
  A white imp (D:7)
  2 ufetubi (D:5)
  2 dart slugs
  39 orcs
  7 ball pythons
  8 endoplasms
  2 giant cockroaches
  16 goblins
  9 hobgoblins
  7 jackals
  2 quokkas
  4 bats
  4 frilled lizards
  24 kobolds
  10 rats
288 creatures vanquished.

Vanquished Creatures (collateral kills)
  A gargoyle (D:8)
  Maggie (D:6)
  A wraith (D:11)
  A shadow (D:10)
  A basilisk (Lair:1)
  An ice beast (D:8)
  A wolf (Lair:1)
  A kobold brigand (D:8)
  A bullfrog (D:8)
  4 wights
  A jelly (D:8)
  An orc wizard (D:11)
  An orc (D:8)
16 creatures vanquished.

Vanquished Creatures (others)
  A dancing weapon (D:8)
  An orc warrior (D:8)
  An orc priest (D:8)
3 creatures vanquished.

Grand Total: 307 creatures vanquished

Notes
Turn   | Place    | Note
-------+----------+-------------------------------------------
     0 | D:1      | monsoonserge the Djinni Venom Mage began the quest for the
                  | Orb.
     0 | D:1      | monsoonserge set off with the following spells memorised:
                  | Sting, Poisonous Vapours, Mephitic Cloud, Olgreb's Toxic
                  | Radiance.
     0 | D:1      | Reached XP level 1. HP: 15/15 MP: 0/0
   306 | D:1      | Reached XP level 2. HP: 10/21 MP: 0/0
   595 | D:1      | Noticed a golden eye
   598 | D:1      | Found a faded altar of an unknown god.
   601 | D:1      | Noticed a shining eye
   601 | D:1      | Noticed a floating eye
   601 | D:1      | Noticed a great orb of eyes
   638 | D:1      | Reached skill level 3 in Spellcasting
   640 | D:1      | Reached XP level 3. HP: 20/25 MP: 0/0
   640 | D:1      | Learned a level 1 spell: Freeze
   944 | D:2      | Noticed Natasha
   949 | D:2      | Killed Natasha
  1122 | D:2      | Noticed Jessica
  1129 | D:2      | Killed Jessica
  1130 | D:2      | Reached XP level 4. HP: 27/31 MP: 0/0
  1204 | D:2      | Noticed Natasha
  1212 | D:2      | Killed Natasha
  1213 | D:2      | Reached XP level 5. HP: 24/36 MP: 0/0
  1213 | D:2      | Learned a level 2 spell: Ensorcelled Hibernation
  1257 | D:2      | Noticed Natasha
  1263 | D:2      | Killed Natasha
  1264 | D:2      | Reached skill level 1 in Fighting
  1264 | D:2      | Reached skill level 4 in Spellcasting
  1421 | D:2      | Noticed Sigmund
  1434 | D:2      | Killed Sigmund
  1435 | D:2      | Reached skill level 1 in Armour
  1435 | D:2      | Reached XP level 6. HP: 30/42 MP: 0/0
  1591 | D:2      | Noticed Terence
  1609 | D:2      | Killed Terence
  1802 | D:2      | Noticed Robin
  1823 | D:2      | Killed Robin
  2215 | D:3      | Reached skill level 5 in Spellcasting
  2215 | D:3      | Reached XP level 7. HP: 18/47 MP: 0/0
  2215 | D:3      | Learned a level 2 spell: Wereblood
  3003 | D:4      | Found Xiejaeru's General Store.
  3006 | D:4      | Bought a potion of curing for 33 gold pieces
  3094 | D:4      | Identified the +11 chain mail of Inquiry {rPois}
  3180 | D:4      | Found Puutarir's Magic Scroll Shoppe.
  3373 | D:4      | Found Riuc's Antique Weapon Emporium.
  3411 | D:4      | Found Leweakh's General Store.
  3628 | D:4      | Found Yseggouru's Distillery.
  3860 | D:5      | Entered Level 5 of the Dungeon
  3874 | D:5      | Noticed Eustachio
  3887 | D:5      | Killed Eustachio
  3888 | D:5      | Reached skill level 1 in Short Blades
  3888 | D:5      | Reached XP level 8. HP: 54/54 MP: 0/0
  3987 | D:5      | Found a sparkling altar of Nemelex Xobeh.
  4097 | D:4      | Bought a scroll of blinking for 105 gold pieces
  4189 | D:5      | Found a broken altar of Ashenzari.
  4194 | D:5      | Became a worshipper of Ashenzari the Shackled
  4248 | D:5      | Noticed a hornet
  4261 | D:5      | Killed a hornet
  4262 | D:5      | Reached skill level 6 in Spellcasting
  5161 | D:6      | Reached XP level 9. HP: 50/59 MP: 0/0
  5161 | D:6      | Learned a level 3 spell: Tukima's Dance
  5163 | D:6      | Reached skill level 1 in Ranged Weapons
  5163 | D:6      | Reached skill level 7 in Spellcasting
  5194 | D:6      | Noticed Duvessa
  5198 | D:6      | Noticed Dowan
  5205 | D:6      | Killed Duvessa
  5205 | D:6      | Killed Dowan
  5231 | D:6      | Found a glowing silver altar of Zin.
  5283 | D:6      | Noticed Maggie
  5294 | D:6      | Killed Maggie
  5295 | D:6      | Reached skill level 8 in Spellcasting
  5350 | D:6      | Reached skill level 1 in Evocations
  5382 | D:6      | Found a glowing drain.
  5387 | Sewer    | Entered a sewer
  5610 | D:6      | Noticed Prince Ribbit
  5616 | D:6      | Killed Prince Ribbit
  5632 | D:6      | Reached * piety under Ashenzari
  5661 | D:6      | Reached XP level 10. HP: 67/67 MP: 0/0
  5864 | D:6      | Found a staircase to the Ecumenical Temple.
  5869 | Temple   | Entered the Ecumenical Temple
  6287 | D:7      | Found a flagged portal.
  6319 | Bailey   | Entered a bailey
  6430 | Bailey   | Noticed an orc knight
  6435 | Bailey   | Found a bloodstained altar of Trog.
  6437 | Bailey   | Reached skill level 5 in Armour
  6437 | Bailey   | Reached skill level 9 in Spellcasting
  6439 | Bailey   | HP: 2/67 [orc warrior/+0 broad axe (16)]
  6447 | Bailey   | Killed an orc knight
  6562 | D:7      | Found a snail-covered altar of Cheibriados.
  6568 | D:7      | Found Cheibriados's Comfort Zone.
  6626 | D:7      | Identified the +5 battleaxe of the Wheel {freeze, rPois
                  | rC+}
  6651 | D:7      | Reached skill level 1 in Long Blades
  6674 | D:7      | Reached ** piety under Ashenzari
  6682 | D:7      | Found a hazy altar of Hepliaklqana.
  7118 | D:8      | Noticed a gargoyle
  7139 | D:8      | Killed a gargoyle
  7140 | D:8      | Reached XP level 11. HP: 74/74 MP: 0/0
  7140 | D:8      | Learned a level 5 spell: Summon Mana Viper
  7191 | D:8      | Reached *** piety under Ashenzari
  7199 | D:8      | Found a shadowy altar of Dithmenos.
  7201 | D:8      | Found a basalt altar of Yredelemnul.
  7699 | D:9      | Found a shimmering altar of Xom.
  7701 | D:9      | Found a staircase to the Lair.
  7712 | D:9      | Reached skill level 10 in Spellcasting
  8283 | D:10     | Entered Level 10 of the Dungeon
  8419 | D:10     | Found Giyt's Island Escapes.
  8515 | D:10     | Found an iron altar of Okawaru.
  9279 | D:11     | Reached **** piety under Ashenzari
  9368 | D:11     | Noticed a cyclops
  9376 | D:11     | Killed a cyclops
  9526 | D:11     | Noticed Psyche
  9532 | D:11     | Killed Psyche
  9580 | D:11     | Found a staircase to the Orcish Mines.
  9782 | Lair:1   | Entered Level 1 of the Lair of Beasts
  9826 | Lair:1   | Reached skill level 11 in Spellcasting
  9826 | Lair:1   | Reached XP level 12. HP: 48/84 MP: 0/0
 10015 | Orc:1    | Entered Level 1 of the Orcish Mines
 10015 | Orc:1    | Noticed an orc high priest
 10017 | Orc:1    | Noticed a soul eater
 10022 | Orc:1    | Killed from afar by a ynoxinul

Illustrated notes

Levels and vault maps discovered:
D:1:      giann_forest_graveyard, layout_loops_ring,
          hellmonk_ecumenical_altar_watching_god
D:2:      layout_basic, serial_forest, infiniplex_forest_clump_curved,
          infiniplex_forest_lined_ring, infiniplex_forest_clump_long,
          infiniplex_forest_clump_double, uniq_jessica, uniq_sigmund,
          uniq_robin, uniq_natasha, uniq_terence
D:3:      layout_loops_cross
D:4:      layout_cave_pods, serial_shops, shop, nicolae_stop_n_shop_2,
          nicolae_shop_pleasant_corner_grove, shop,
          nicolae_shop_pleasant_corner_grove
D:5:      layout_basic, nemelex_xobeh_ov_fountains_minmay, kennysheep_mini,
          uniq_eustachio
D:6:      layout_basic, zin_treasury, temple_doors_e, lightli_sewer_entry_pipes,
          uniq_duvessa, uniq_maggie, uniq_prince_ribbit1
D:7:      layout_cave_pools, nicolae_overflow_squiral, enter_bailey_2,
          minmay_shop_chei, minivault_25, amcnicky_mini_pool_small,
          kennysheep_generic_room_15
D:8:      layout_gridville, grunt_temple_overflow_open
D:9:      layout_loops_ring, mainiacjoe_overflow_alcove_1, lair_entry_dummy
D:10:     layout_grid_maze, overflow_temple_1_default, nicolae_island_escapes
D:11:     layout_roguey, orc_0_dummy, uniq_psyche
Temple:   oiseaux_autumnal_temple
Lair:1:   layout_cave_pods, chequers_serial_rivers_marsh, uniq_harold
Orc:1:    layout_caves

Skill      XL: |  1  2  3  4  5  6  7  8  9 10 11 |
---------------+----------------------------------+-----
Spellcasting   | 3 4 5 6 8 9 11 | 11.3
Fighting       | 1 2 3 4 |  4.3
Armour         | 1 2 3 4 5 7 |  7.4
Stealth        | 2 3 4 |  4.0
Short Blades   | 1 2 |  2.3
Dodging        | 3 4 |  4.6
Ranged Weapons | 1 |  1.0
Evocations     | 1 |  1.4
Long Blades    | 2 4 |  4.8
Throwing       | |  0.1

Action                     |  1- 3 |  4- 6 |  7- 9 | 10-12 || total
---------------------------+-------+-------+-------+-------++-------
  Melee: Whip              |     5 |       |       |       ||     5
         Unarmed           |     1 |       |       |       ||     1
         Dagger            |     1 |    17 |   147 |    38 ||   203
         Short sword       |    12 |    44 |       |       ||    56
         Punch             |       |       |     1 |     2 ||     3
         Scimitar          |       |       |       |    99 ||    99
         Great sword       |       |       |       |    72 ||    72
   Fire: Sling             |       |       |     3 |       ||     3
  Throw: Boomerang         |       |       |       |     2 ||     2
   Cast: Sting             |    35 |    25 |    35 |    16 ||   111
         Freeze            |     1 |     6 |    29 |     2 ||    38
         Mephitic Cloud    |     1 |    10 |    19 |    34 ||    64
         Poisonous Vapours |       |     3 |    10 |     3 ||    16
         Olgreb's Toxic Ra |       |     1 |    14 |    28 ||    43
         Ensorcelled Hiber |       |       |     4 |       ||     4
         Tukima's Dance    |       |       |     2 |    17 ||    19
         Wereblood         |       |       |       |     1 ||     1
         Summon Mana Viper |       |       |       |     9 ||     9
 Invoke: Curse Item        |       |       |     2 |     4 ||     6
  Evoke: Wand              |       |       |    10 |     1 ||    11
    Use: Potion            |       |       |     1 |     1 ||     2
   Stab: Confused          |       |     9 |     9 |    15 ||    33
         Sleeping          |       |       |     5 |     4 ||     9
         Invisible         |       |       |       |     1 ||     1
 Armour: Robe              |     5 |     2 |       |       ||     7
         Leather armour    |       |    10 |    26 |       ||    36
         Ring mail         |       |       |     7 |       ||     7
         Swamp dragon scal |       |       |    15 |    91 ||   106
  Dodge: Dodged            |    11 |    39 |   111 |   140 ||   301
